 Dungeon Crawl Stone Soup version 0.15.1-1-gfacfea3 (webtiles) character file.

79 Kex the Gusty (level 4, -2/27 HPs)
             Began as a Halfling Air Elementalist on Sept 27, 2014.
             Slain by an adder (3 damage)
             ... on Level 2 of the Dungeon.
             The game lasted 00:20:27 (2869 turns).

Kex the Gusty (Halfling Air Elementalist)           Turns: 2869, Time: 00:20:27

HP  -2/27        AC  3     Str  8      XL: 4   Next: 64%
MP   2/7         EV 12     Int 14      God:
Gold 100         SH  0     Dex 15      Spells:  2 memorised,  3 levels left

rFire  . . .     SeeInvis .     d - +0 short sword
rCold  . . .     Clarity  .     i - +0 leather armour
rNeg   . . .     rCorr    .     (no shield)
rPois  .         rRot     .     (no helmet)
rElec  .         Spirit   .     (no cloak)
SustAb .         Warding  .     (no gloves)
rMut   .         Stasis   .     (no boots)
Gourm  .                        (no amulet)
MR     .....                    (no ring)
                                (no ring)

@: not resistant to hostile enchantments, unstealthy
A: mutation resistance 1
a: no special abilities


You were on level 2 of the Dungeon.
You were hungry.

You visited 1 branch of the dungeon, and saw 2 of its levels.

You collected 100 gold pieces.

Inventory:

Hand weapons
 d - a +0 short sword (weapon)
Missiles
 h - 17 stones (quivered)
Armour
 i - a +0 leather armour (worn)
Comestibles
 c - a bread ration
 g - a royal jelly
 k - a slice of pizza
 l - a rotting chunk of bat flesh
Scrolls
 a - a scroll of amnesia {unknown}
 e - 2 scrolls of enchant weapon {unknown}
 f - a scroll of enchant armour {unknown}
 n - a scroll of fear {unknown}
Potions
 j - a potion of lignification {unknown}
 m - a potion of might {unknown}
 o - a potion of poison {unknown}
Books
 b - a book of Air

   Spells                             Type                      Level
   *Shock                             Conjuration/Air              1
   Swiftness                          Charms/Air                   2
   Repel Missiles                     Charms/Air                   2
   Flight                             Charms/Air                   3
   *Static Discharge                  Conjuration/Air              3
   Lightning Bolt                     Conjuration/Air              5


   Skills:
 + Level 1.0 Short Blades
 + Level 1.1 Throwing
 + Level 0.4 Armour
 + Level 3.0 Dodging
 + Level 2.0 Stealth
 + Level 2.0 Spellcasting
 - Level 0.7 Conjurations
 + Level 4.2 Air Magic


You had 3 spell levels left.
You knew the following spells:

 Your Spells              Type           Power        Failure   Level  Hunger
a - Shock                 Conj/Air       #...         10%         1    ##.....
b - Static Discharge      Conj/Air       #.......     24%         3    ####...


Dungeon Overview and Level Annotations

Branches:
Dungeon (2/15)

Altars:


Innate Abilities, Weirdness & Mutations

You are small and have problems with some larger weapons.
You are somewhat resistant to further mutation.


Message History

The gnoll barely misses you.
You closely miss the gnoll.
The gnoll is almost dead.
The gnoll closely misses you.
You hit the gnoll but do no damage.
The gnoll is almost dead.
The gnoll hits you with a spear. The adder barely misses you.
You hit the gnoll.
You kill the gnoll!
Your Short Blades skill increases to level 1!
Your Dodging skill increases to level 3!
Your Spellcasting skill increases to level 2!
The adder closely misses you. The adder bites you.
* * * LOW HITPOINT WARNING * * *
You hit the gnoll.
The gnoll is heavily wounded.
The gnoll hits you.
* * * LOW HITPOINT WARNING * * *
The adder bites you.
You die...

##.#.##.##
#...#.#############.#
...#.##.####........#
#.#
####..#.#......#.##.#
#.# #
#..#.#......#.##.# #.#
# #..#.#.....##)##.#
#.# #
#....#.....##.##.######
#.# #
##.##########.##.%....#
#.# # #S#######.# #.# #
#@# #.# #.# # #g# #.#
#.# # #g# #.#####.# #.#
#.......# #.# #########
... #.# ....# #.# ....
#.# ... #.#


You could see 2 gnolls and an adder.

Vanquished Creatures
  An adder (D:2)
  2 gnolls (D:2)
  2 worms
  3 oozes (D:1)
  5 bats
  8 goblins
  4 hobgoblins
  4 kobolds
  2 ball pythons
  A giant newt (D:2)
  3 rats (D:1)
35 creatures vanquished.

Notes
Turn   | Place    | Note
--------------------------------------------------------------
     0 | D:1      | Kex, the Halfling Air Elementalist, began the quest for the Orb.
     0 | D:1      | Reached XP level 1. HP: 11/11 MP: 2/2
  1087 | D:1      | Reached XP level 2. HP: 17/17 MP: 0/3
  1582 | D:1      | Reached XP level 3. HP: 14/21 MP: 0/5
  1763 | D:1      | Reached skill level 1 in Throwing
  2104 | D:2      | Learned a level 3 spell: Static Discharge
  2294 | D:2      | Reached skill level 4 in Air Magic
  2310 | D:2      | Reached XP level 4. HP: 12/27 MP: 0/6
  2868 | D:2      | Reached skill level 1 in Short Blades
  2869 | D:2      | HP: 1/27 [gnoll (6)]
  2869 | D:2      | Slain by an adder

Action                   |  1- 3 |  4- 6 || total
-------------------------+-------+-------++-------
Melee: Unarmed           |    14 |       ||    14
       Short sword       |    42 |    10 ||    52
       Club              |     1 |       ||     1
Throw: Stone             |    37 |       ||    37
 Cast: Shock             |    70 |    17 ||    87
       Static Discharge  |     1 |       ||     1
  Eat: Chunk             |     6 |     2 ||     8
